 Dungeon Crawl Stone Soup version 0.25.0-10-g039870ee82 (webtiles) character file.

Game seed: 4915775235841184757

493 MisterFreud the Chopper (level 7, -2/52 HPs)
             Began as a Formicid Fighter on June 22, 2020.
             Slain by a gnoll
             ... wielding a +0 club
              (4 damage)
             ... on level 4 of the Dungeon.
             The game lasted 00:09:05 (1837 turns).

MisterFreud the Chopper (Formicid Fighter)          Turns: 1837, Time: 00:09:06

Health: -2/52      AC:  9    Str: 23    XL:     7   Next: 37%
Magic:  7/7        EV:  6    Int:  7    God:
Gold:   179        SH:  9    Dex: 10    Spells: 6/6 levels left

rFire    . . .     SeeInvis +   a - +0 war axe
rCold    . . .     Gourm    .   c - +0 kite shield
rNeg     . . .     Faith    .   n - +0 chain mail
rPois    .         Spirit   .   (helmet unavailable)
rElec    .         Reflect  .   (no cloak)
rCorr    .         Harm     .   (no gloves)
MR       .....                  (no boots)
Stlth    ..........             (no amulet)
HPRegen  0.17/turn              (no ring)
MPRegen  0.10/turn              (no ring)

@: flying
A: permanent stasis, dig shafts and tunnels, four strong arms, antennae 3
a: Dig, Shaft Self


You were on level 4 of the Dungeon.
You were not hungry.

You visited 1 branch of the dungeon, and saw 4 of its levels.

You collected 179 gold pieces.

Inventory:

Hand Weapons
 a - a +0 war axe (weapon)
Armour
 b - a +0 scale mail
 c - a +0 kite shield (worn)
 n - a +0 chain mail (worn)
Wands
 p - a wand of iceblast (13)
Scrolls
 g - 2 scrolls of immolation {unknown}
 i - 6 scrolls of identify {unknown}
 j - 2 scrolls of amnesia {unknown}
 k - 2 scrolls of enchant weapon {unknown}
 l - a scroll of fear {unknown}
 o - a scroll of blinking {unknown}
Potions
 d - 3 potions of might
 h - 2 potions of resistance
 m - a potion of cancellation
 r - a potion of heal wounds {unknown}
Comestibles
 f - 6 rations
 q - 3 chunks of flesh


   Skills:
 - Level 3.2 Fighting
 + Level 7.5 Axes
 - Level 3.2 Armour
 - Level 3.6 Shields


You had 6 spell levels left.
You didn't know any spells.
Your spell library was empty.

Dungeon Overview and Level Annotations

Branches:
Dungeon (4/15)             Temple (0/1) D:4

Altars:
Kikubaaqudgha
Ru
Sif Muna


Innate Abilities, Weirdness & Mutations

You cannot be hasted, slowed, berserked, paralysed or teleported.
You can dig through walls and to a lower floor.
Your four strong arms can wield two-handed weapons with a shield.
You have a pair of large antennae on your head. (SInv)


Message History

The gnoll is severely wounded.
You hit the phantom. The gnoll barely misses you.
The phantom blinks!
You block the gnoll's attack. x2
Unknown command.
You closely miss the gnoll.
The gnoll is severely wounded.
You block the gnoll's attack. The gnoll hits you but does no damage.
The gnoll hits you from afar with a cursed -2 spear.
* * * LOW HITPOINT WARNING * * *
Unknown command.
The gnoll hits you with a +0 club!
* * * LOW HITPOINT WARNING * * *
Okay, then.
Okay, then.
Unknown command.
Unknown command.
It was a potion of flight.
You feel very buoyant.
You fly up into the air.
The gnoll hits you with a +0 club.
You die...

#........#.........#
#........#.........#
#........#.........#
#........###...####
#÷.......###)..####
...............$)g#
#........########.#####
#........# #..W)....#
#........# #..@g....#
#........# #..........#
####.###...........####
#.# #...........# #.#
#..8.8.8....#
..⌠.⌠......
.8.>.8......
..⌠.⌠......#.


You could see a phantom and 2 gnolls.

Vanquished Creatures
  Duvessa (D:4)
  An ogre (D:3)
  Dowan (D:4)
  A gnoll shaman (D:4)
  A worker ant (D:4)
  2 gnolls (D:4)
  5 river rats (D:3)
  5 adders
  An ooze (D:2)
  2 worms
  A dart slug (D:1)
  4 leopard geckos
  An orc (D:3)
  7 bats
  2 bat zombies (D:3)
  2 giant cockroaches
  7 goblins
  3 hobgoblins
  7 jackals
  A ball python (D:2)
  6 frilled lizards
  10 kobolds
  6 rats
77 creatures vanquished.

Notes
Turn   | Place    | Note
-------+----------+-------------------------------------------
     0 | D:1      | MisterFreud the Formicid Fighter began the quest for the
                  | Orb.
     0 | D:1      | Reached XP level 1. HP: 18/18 MP: 1/1
    56 | D:1      | Reached XP level 2. HP: 10/24 MP: 2/2
   158 | D:1      | Reached skill level 3 in Axes
   275 | D:1      | Reached XP level 3. HP: 25/29 MP: 3/3
   538 | D:2      | Reached skill level 4 in Axes
   538 | D:2      | Reached XP level 4. HP: 11/35 MP: 4/4
   641 | D:2      | Found a shimmering blue altar of Sif Muna.
   973 | D:3      | Noticed an ogre
   983 | D:3      | Killed an ogre
   983 | D:3      | Reached skill level 5 in Axes
   983 | D:3      | Reached XP level 5. HP: 2/41 MP: 5/5
  1088 | D:3      | Found an ancient bone altar of Kikubaaqudgha.
  1182 | D:3      | Reached XP level 6. HP: 26/47 MP: 6/6
  1204 | D:3      | Reached skill level 6 in Axes
  1400 | D:3      | Found a sacrificial altar of Ru.
  1673 | D:4      | Noticed Duvessa
  1676 | D:4      | Noticed Dowan
  1685 | D:4      | Killed Duvessa
  1685 | D:4      | Reached XP level 7. HP: 42/52 MP: 7/7
  1695 | D:4      | Killed Dowan
  1695 | D:4      | Reached skill level 7 in Axes
  1825 | D:4      | Found a staircase to the Ecumenical Temple.
  1836 | D:4      | HP: 2/52 [gnoll/+0 club (8)]
  1837 | D:4      | Slain by a gnoll

Illustrated notes

Levels and vault maps discovered:
D:1:      dpeg_arrival_three_bigger_balls, layout_rooms
D:2:      layout_basic, lemuel_round_altar
D:3:      layout_loops_ring, lemuel_zombie_altar_kikubaaqudgha,
          old_standard_altar, lightli_sewer_entry_pipes
D:4:      layout_basic, minmay_temple_entry_statues_fountains, uniq_duvessa

Skill      XL: |  1  2  3  4  5  6  7 |
---------------+----------------------+-----
Axes           | 3 4 5 6 7 |  7.5
Fighting       | |  3.2
Armour         | |  3.2
Shields        | |  3.6

Action                   |  1- 3 |  4- 6 |  7- 9 || total
-------------------------+-------+-------+-------++-------
Melee: War axe           |   114 |   149 |    33 ||   296
 Abil: Dig               |     7 |    18 |       ||    25
Evoke: Wand              |       |     1 |       ||     1
  Use: Potion            |       |     5 |     1 ||     6
  Eat: Chunk             |       |     6 |     1 ||     7
Armor: Scale mail        |    52 |     4 |       ||    56
       Chain mail        |       |    62 |    30 ||    92
Dodge: Dodged            |    50 |    31 |    14 ||    95
Block: Kite shield       |    72 |    86 |    35 ||   193
